 Dungeon Crawl Stone Soup version 0.31-a0-799-g6bc09d010c (webtiles) character file.

Game seed: 5954999636648353848

2 Bravepunisher the Ducker (level 1, 5/11 HPs)
             Began as a Spriggan Monk on Sept 19, 2023.
             Quit the game in the Ecumenical Temple.
             The game lasted 00:02:43 (461 turns).

Bravepunisher the Ducker (Spriggan Monk)             Turns: 461, Time: 00:02:44

Health: 5/11       AC:  2    Str:  7    XL:     1   Next: 33%
Magic:  2/2        EV: 18    Int: 11    God:
Gold:   9          SH:  0    Dex: 17    Spells: 0/0 levels left

rFire   . . .        a - +0 short sword
rCold   . . .        (no shield)
rNeg    . . .        b - +0 robe
rPois   .            (helmet restricted)
rElec   .            (no cloak)
rCorr   .            (gloves unavailable)
SInv    +            (boots unavailable)
Will    .....        (no amulet)
Stlth   ++           (no ring)
HPRegen 0.21/turn    (no ring)
MPRegen 0.08/turn

%: no passive effects
@: very quick
A: very small, no large weapons, unfitting armour, see invisible, speed 3
a: no special abilities


You were in the Ecumenical Temple.
You visited 2 branches of the dungeon, and saw 6 of its levels.

You collected 9 gold pieces.

Inventory:

Hand Weapons
 a - a +0 short sword (weapon)
Armour
 b - a +0 robe (worn)
 d - an orb of light
Scrolls
 e - a scroll of amnesia {unknown}
 f - 3 scrolls of noise {unknown}


   Skills:
 * Level 2.5 Fighting
 - Level 3.2 Short Blades
 + Level 4.1 Dodging


You couldn't memorise any spells.
You didn't know any spells.
Your spell library was empty.

Dungeon Overview and Level Annotations

Branches:
Dungeon (5/15)             Temple (1/1) D:5

Altars:
Elyvilon
Fedhas
Gozag
Okawaru
Qazlal
Yredelemnul
Zin
The Shining One

Shops:
D:4 :

Annotations:
D:2 Natasha, Terence


Innate Abilities, Weirdness & Mutations

You are very small and have problems with some larger weapons.
You are too small for most types of armour.
You have supernaturally acute eyesight. (SInv)
You cover ground extremely quickly. (Speed+++)


Message History

You see here a scroll labelled EKAULI JETHRIA.
The adder attacks as it pursues you! The adder closely misses you.
The adder attacks as it pursues you! The adder closely misses you.
You see here 7 stones.
The adder attacks as it pursues you! The adder bites you.
You are lethally poisoned!
The adder poisons you!
You see here a +0 scale mail.
You feel sick.
You feel sick.
* * * LOW HITPOINT WARNING * * *
You feel sick.
* * * LOW HITPOINT WARNING * * *
You feel sick.
You are confused.
You feel invigorated.
You feel sick.
You feel sick. The adder closely misses you.
You barely miss the adder.
You feel less invigorated.
You feel less confused.
You feel sick.
You are no longer poisoned.
The adder bites you.
You are poisoned.
The adder poisons you!
You feel sick. The adder attacks as it pursues you!
The adder closely misses you.
You feel sick. The adder attacks as it pursues you!
The adder closely misses you.
You feel sick.
You feel sick.
You feel sick.
You feel sick.
You are no longer poisoned.
Found a staircase to the Ecumenical Temple.
There is a staircase to the Ecumenical Temple here.
You climb downwards.
Welcome to the Ecumenical Temple!
Found four altars.
Found a staircase back to the Dungeon.
There is a staircase back to the Dungeon here.
Are you sure you want to abandon this character and quit the game? (Confirm with "yes".)

##⌠...⌠##
##.......##
#.........#
#⌠...♣...⌠#
#.........#
##.......##
##⌠...⌠##
###.### #@#
###.###
##_..._##
##.......##
#.........#
#_.._._.._#
#.........#
##.......##
##_..._##


There were no monsters in sight!

Vanquished Creatures
  A dart slug (D:2)
1 creature vanquished.

Notes
Turn   | Place    | Note
-------+----------+-------------------------------------------
     0 | D:1      | Bravepunisher the Spriggan Monk began the quest for the
                  | Orb.
     0 | D:1      | Reached XP level 1. HP: 11/11 MP: 2/2
    73 | D:2      | Noticed Natasha
    76 | D:2      | Noticed Terence
    96 | D:2      | Noticed a cerulean imp
   291 | D:4      | Noticed an ogre
   329 | D:4      | Found Rimajah's Book Shop.
   368 | D:5      | Entered Level 5 of the Dungeon
   368 | D:5      | Noticed an orc priest
   368 | D:5      | Noticed an orc wizard
   368 | D:5      | Noticed an orc priest
   403 | D:5      | Noticed an iguana
   451 | D:5      | Found a staircase to the Ecumenical Temple.
   460 | Temple   | Entered the Ecumenical Temple
   461 | Temple   | Quit the game

Illustrated notes

Levels and vault maps discovered:
D:1:      tarquinn_simple_flora_water_b, layout_basic, minmay_split_cup_small
D:2:      layout_loops_ring, uniq_natasha, uniq_terence
D:3:      layout_basic, minmay_divided_ellipse
D:4:      minmay_recursive_quarters, layout_basic, amcnicky_altar_gilded,
          kennysheep_little_box, jmf_multi_god_temple2, serial_shops,
          nicolae_book_shop_shelving, minmay_tree_intersection,
          nicolae_figureground_pulse
D:5:      layout_basic, lemuel_temple_firewalk_a, grunt_ministairs_9,
          moated_statue
Temple:   hellmonk_temple_two_chambers

Action                     || total
---------------------------++-------
  Melee: Short sword       ||     5
    Use: Potion            ||     1
 Armour: Robe              ||     3
  Dodge: Dodged            ||    24

Table legend: (Time is in decaauts)
 A = Elapsed time spent in this place.
 B = Non-inter-level travel time spent in this place.
 C = Inter-level travel time spent in this place.
 D = Time resting spent in this place.
 E = Time spent auto-exploring this place.
 F = Levels seen in this place.
 G = Mean time per level.
                   A        B        C        D        E       F      G
               +--------+--------+--------+--------+--------+-----+--------+
         Total |    301 |    297 |      4 |      5 |     93 |   6 |   50.2 |
       Dungeon |    300 |    296 |      4 |      5 |     93 |   5 |   60.0 |
        Temple |      0 |      0 |      0 |      0 |      0 |   1 |    0.0 |
               +--------+--------+--------+--------+--------+-----+--------+

Top non-repeatable levels by time:
     D:2: 106 daAuts
     D:3: 74 daAuts
     D:4: 65 daAuts
     D:5: 40 daAuts
     D:1: 12 daAuts
  Temple: 0 daAuts
